Map: Mist Opportunities

Players

monk

  • Race: Protoss Protoss
  • Spawn Location: 6:00

sTkmonk

  • Race: Terran Terran
  • Spawn Location: 5:00

VOD

Have the link to the VOD?

Description

Time

  • Played on: Aug. 17, 2017, 1:42 a.m.
  • Length: 30:35
Show
View Real Time Build Order
Export as new Build Order

monk Protoss 

Build Orders:  

Get SALT Encoding   

  12  0:02  Probe (Chrono Boost)  
  12  0:08  Dark Pylon  
  13  0:16  Probe (Chrono Boost)  
  14  0:23  Assimilator  
  14  0:30  Probe (Chrono Boost)  
  15  0:41  Assimilator  
  15  0:44  Probe (Chrono Boost)  
  16  0:58  Probe (Chrono Boost)  
  17  1:06  Gateway  
  17  1:12  Probe (Chrono Boost)  
  18  1:26  Probe (Chrono Boost)  
  19  1:33  Pylon  
  19  1:39  Probe (Chrono Boost)  
  20  1:53  Probe (Chrono Boost)  
  21  2:07  Probe (Chrono Boost)  
  22  2:12  Cybernetics Core  
  22  2:21  Probe (Chrono Boost)  
  23  2:35  Probe (Chrono Boost)  
  24  2:49  Probe (Chrono Boost)  
  25  3:02  Death Council  
  25  3:03  Probe (Chrono Boost)  
  26  3:17  Probe (Chrono Boost)  
  27  3:21  Assimilator  
  27  3:22  Assimilator  
  27  3:30  Probe (Chrono Boost), Nexus  
  28  3:42  Gateway  
  28  3:55  Gateway  
  28  4:00  Warp Gate  
  28  4:01  Dark Shrine  
  28  4:07  Probe (Chrono Boost)  
  29  4:20  Pylon  
  29  4:21  Probe (Chrono Boost)  
  30  4:33  Shadow Fury (Chrono Boost)  
  30  4:35  Probe (Chrono Boost)  
  31  4:49  Probe (Chrono Boost)  
  32  4:55  Dark Templar  
  34  5:00  Dark Templar  
  36  5:17  Dark Templar  
  38  5:27  Probe  
  38  5:31  Probe  
  40  5:40  Forge  
  40  5:41  Probe  
  40  5:47  Dark Templar x2  
  45  6:04  Protoss Ground Weapons Level 1  
  45  6:05  Gateway  
  45  6:06  Probe  
  45  6:07  Gateway  
  46  6:11  Probe  
  47  6:23  Dark Templar Blink  
  47  6:38  Pylon  
  47  6:51  Gateway  
  47  6:53  Gateway  
  47  6:55  Gateway  
  47  7:00  Dark Pylon  
  47  7:09  Stalker  
  49  7:10  Stalker  
  49  7:11  Stalker  
  53  7:20  Blink (Chrono Boost)  
  53  7:28  Stalker x2  
  57  7:58  Dark Templar x3  
  63  8:03  Phase Reactor (Chrono Boost)  
  63  8:08  Pylon  
  63  8:10  Protoss Ground Weapons Level 2, Pylon  
  63  8:11  Pylon  
  63  8:15  Dark Templar x2  
  67  8:40  Dark Templar x2  
  67  8:41  Dark Templar  
  73  8:57  Dark Templar  
  75  9:07  Dark Templar x2  
  79  9:18  Dark Templar  
  81  9:21  Dark Templar  
  81  9:29  Stalker  
  85  9:37  Stalker  
  83  9:50  Stalker x2  
  87  10:00  Pylon  
  87  10:01  Stalker  
  87  10:09  Pylon  
  87  10:32  Dark Templar x2  
  87  10:33  Dark Templar  
  91  10:43  Stalker  
  91  10:49  Pylon  
  93  10:57  Stalker  
  93  10:58  Stalker  
  95  11:11  Stalker  
  95  11:12  Stalker  
  99  11:33  Stalker x2  
  99  11:34  Stalker  
  101  11:41  Dark Templar  
  101  11:46  Protoss Ground Weapons Level 3  
  103  11:57  Stalker x2  
  103  11:58  Stalker  
  109  12:08  Pylon  
  107  12:27  Pylon  
  107  12:30  Pylon  
  107  12:33  Dark Templar  
  107  12:34  Dark Templar  
  111  12:45  Dark Templar x2  
  115  12:54  Pylon  
  115  13:18  Dark Templar  
  115  13:19  Dark Templar x3  
  119  13:30  Pylon x2  
  119  13:35  Dark Templar  
  115  13:55  Dark Templar  
  115  13:56  Dark Templar x2  
  121  14:09  Dark Templar x2  
  125  14:17  Probe  
  126  14:34  Probe  
  126  14:39  Stalker x3  
  133  14:40  Stalker  
  135  15:05  Stalker  
  135  15:06  Stalker x2  
  139  15:22  Pylon x3  
  139  15:28  Dark Templar  
  141  15:42  Pylon  
  141  16:02  Pylon  
  141  16:12  Dark Templar x3  
  141  16:13  Dark Templar x4  
  155  16:41  Dark Templar  
  157  16:53  Pylon  
  157  16:57  Dark Templar  
  145  17:12  Stalker  
  145  17:13  Stalker x4  
  145  17:14  Stalker  
  149  17:31  Dark Templar  
  151  17:51  Dark Pylon  
  151  17:55  Dark Templar x2  
  151  17:56  Dark Templar x4  
  151  17:57  Dark Templar  
  165  18:05  Pylon  
  159  18:18  Dark Templar  
  143  18:40  Dark Templar  
  143  18:41  Protoss Shields Level 1 (Chrono Boost)  
  145  18:55  Dark Pylon  
  145  19:12  Forge  
  145  19:46  Dark Templar x5  
  145  19:47  Dark Templar x2  
  159  19:52  Pylon  
  157  20:08  Probe  
  152  20:22  Protoss Ground Armor Level 1 (Chrono Boost)  
  152  20:25  Stalker x2  
  154  20:50  Pylon  
  154  20:52  Stalker  
  154  20:53  Stalker x4  
  154  20:54  Stalker  
  154  20:57  Stalker  
  154  20:58  Stalker  
  168  21:12  Protoss Shields Level 2 (Chrono Boost)  
  168  21:37  Photon Cannon  
  168  21:40  Photon Cannon  
  168  21:42  Photon Cannon  
  168  21:44  Photon Cannon  
  168  21:45  Photon Cannon  
  168  21:49  Photon Cannon  
  168  22:15  Photon Cannon  
  168  22:17  Photon Cannon  
  168  22:22  Photon Cannon x2  
  168  22:25  Photon Cannon  
  168  22:27  Photon Cannon  
  168  22:30  Photon Cannon  
  168  22:32  Photon Cannon  
  168  22:36  Protoss Ground Armor Level 2 (Chrono Boost)  
  168  22:59  Photon Cannon  
  168  23:10  Dark Pylon  
  168  23:20  Photon Cannon  
  168  23:23  Dark Templar x2, Photon Cannon  
  168  23:24  Photon Cannon  
  168  23:27  Photon Cannon  
  172  23:41  Photon Cannon  
  172  23:42  Dark Templar  
  172  23:43  Dark Templar  
  172  23:48  Protoss Shields Level 3 (Chrono Boost)  
  176  24:13  Dark Templar x2  
  180  24:41  Dark Pylon  
  180  24:43  Photon Cannon  
  180  24:45  Photon Cannon  
  180  24:50  Photon Cannon  
  180  24:52  Photon Cannon  
  180  24:54  Photon Cannon  
  180  25:13  Dark Templar x2  
  180  25:14  Dark Templar x2  
  187  25:24  Stalker  
  187  25:25  Stalker  
  191  25:39  Stalker  
  193  25:40  Stalker  
  195  25:57  Dark Templar  
  195  25:58  Dark Templar  
  199  26:16  Dark Templar x2  
  195  26:41  Stalker x2  
  195  27:06  Stalker x2  
  199  27:19  Stalker  
  199  27:43  Photon Cannon  
  199  27:45  Photon Cannon  
  199  27:46  Photon Cannon  
  195  28:55  Stalker  
  195  28:56  Stalker  
Show
View Real Time Build Order
Export as new Build Order

sTkmonk Terran 

Build Orders:  

Get SALT Encoding   

Tags
 
Add a new tag
Caveats
  • Supply blocks, unpowered buildings, or Contaminate may cause inaccurate times.
  • Supply counts are checked every 10 seconds.